 Dungeon Crawl Stone Soup version 0.28-a0-1510-gd0f6b136d3 (webtiles) character file.

Game seed: 13230123906825308013

109817 vineage the Slayer (level 16, -5/167 HPs)
             Began as a Minotaur Fighter on Jan 14, 2022.
             Was the Champion of Okawaru.
             Slain by a jumping spider (6 damage)
             ... on level 1 of the Spider Nest.
             The game lasted 00:35:37 (29488 turns).

vineage the Slayer (Minotaur Fighter)              Turns: 29488, Time: 00:35:37

Health: -5/167     AC:  3    Str: 25    XL:     16   Next: 5%
Magic:  19/21      EV:  7    Int:  7    God:    Okawaru [******]
Gold:   1356       SH:  0    Dex: 22    Spells: 15/15 levels left

rFire   + + .      SeeInvis +   s - +10 demon whip of Watchfulness {freeze, Dex+2}
rCold   . . .      Faith    .   L - +0 tower shield "Fuxuc" {Harm rF+}
rNeg    . . .      Spirit   .   Y - +0 scale mail "Uruis" {rF+ Will+ Str-4 Stlth+}
rPois   +          Reflect  +   C - +2 hat of the Okapi {Will+}
rElec   .          Harm     +   o - +2 cloak
rCorr   .          Rampage  .   (no gloves)
Will    +++++                   l - +0 pair of boots
Stlth   +++.......              Q - amulet of reflection
HPRegen 0.37/turn               e - +6 ring of strength
MPRegen 0.17/turn               m - ring "Voemezuz" {Will++ Dex+4 SInv}

@: heroic, corroded, held, unable to read
A: horns 2, retaliatory headbutt, hooves 1, clever 1, poison resistance,
inability to read while threatened
a: Renounce Religion, Heroism, Finesse, Duel


You were on level 1 of the Spider Nest.
You worshipped Okawaru.
Okawaru was exalted by your worship.
You visited 5 branches of the dungeon, and saw 25 of its levels.
You also visited: Sewer and Gauntlet.

You collected 2265 gold pieces.
You spent 909 gold pieces at shops.

Inventory:

Hand Weapons
 s - the +10 demon whip of Watchfulness (weapon) {freeze, Dex+2}
   (You acquired it on level 13 of the Dungeon)

   It freezes those it strikes, dealing additional cold damage.
   It can also slow down cold-blooded creatures.
   Dex:       It affects your dexterity (+2).
 F - the +7 mace of Contention {vorpal, +Blink rCorr}
   (Okawaru gifted it to you on level 1 of the Lair of Beasts)

   It inflicts extra damage upon your enemies.
   +Blink:    It lets you blink.
   rCorr:     It protects you from acid and corrosion.
Armour
 l - a +0 pair of boots (worn)
 o - a +2 cloak (worn)
 y - the +2 pair of boots "Qiahiv" {rF++ rCorr Str-5 Stlth+}
   (You found it in a Gauntlet)

   Str:       It affects your strength (-5).
   rF:        It greatly protects you from fire.
   rCorr:     It protects you from acid and corrosion.
   Stlth:     It makes you more stealthy.
 C - the +2 hat of the Okapi (worn) {Will+}
   (Okawaru gifted it to you on level 14 of the Dungeon)

   Will:      It increases your willpower.
 L - the +0 tower shield "Fuxuc" (worn) {Harm rF+}
   (Okawaru gifted it to you on level 12 of the Dungeon)

   rF:        It protects you from fire.
   Harm:      It increases damage dealt and taken.
 P - the +1 hat of Jijaddas {Rampage Int-4 Dex+3}
   (Okawaru gifted it to you on level 3 of the Lair of Beasts)

   Int:       It affects your intelligence (-4).
   Dex:       It affects your dexterity (+3).
   Rampage:   It bestows one free step when moving towards enemies.
 Y - the +0 scale mail "Uruis" (worn) {rF+ Will+ Str-4 Stlth+}
   (Okawaru gifted it to you on level 2 of the Orcish Mines)

   Str:       It affects your strength (-4).
   rF:        It protects you from fire.
   Will:      It increases your willpower.
   Stlth:     It makes you more stealthy.
 Z - +0 fire dragon scales
Jewellery
 b - the ring "Cippying" {rC++ EV+4 Int-4}
   (You bought it in a shop on level 2 of the Orcish Mines)

   [ring of evasion]

   EV:        It affects your evasion (+4).
   Int:       It affects your intelligence (-4).
   rC:        It greatly protects you from cold.
 e - a +6 ring of strength (left hand)
 i - a +4 ring of evasion
 m - the ring "Voemezuz" (right hand) {Will++ Dex+4 SInv}
   (You bought it in a shop on level 2 of the Orcish Mines)

   [ring of see invisible]

   Dex:       It affects your dexterity (+4).
   SInv:      It lets you see invisible.
   Will:      It greatly increases your willpower.
 r - a +4 ring of protection
 w - a ring of protection from fire
 z - a +4 ring of evasion
 G - an amulet of the acrobat
 H - the ring "Zos Sirph" {Will+ EV+4}
   (You found it on level 10 of the Dungeon)

   [ring of evasion]

   EV:        It affects your evasion (+4).
   Will:      It increases your willpower.
 I - a ring of magical power
 N - a +6 ring of dexterity
 Q - an amulet of reflection (around neck)
 T - a +6 ring of strength
Wands
 c - a wand of digging (3)
 p - a wand of paralysis (4)
 E - a wand of iceblast (4)
Scrolls
 a - 3 scrolls of enchant armour
 h - 4 scrolls of teleportation
 q - 3 scrolls of enchant weapon
 u - 4 scrolls of silence
 A - a scroll of fear
 D - a scroll of magic mapping
 J - 2 scrolls of blinking
 K - a scroll of fog
 M - 2 scrolls of amnesia
 O - 3 scrolls of brand weapon
 R - 5 scrolls of identify
Potions
 d - a potion of berserk rage
 f - 4 potions of haste
 g - 2 potions of heal wounds
 j - 2 potions of lignification
 k - 6 potions of curing
 n - 5 potions of flight
 t - 7 potions of mutation
 v - 4 potions of cancellation
 x - 3 potions of attraction
 B - 3 potions of brilliance
 U - a potion of resistance
 W - a potion of might


   Skills:
 + Level 21.0(26.0) Fighting
 - Level 2.4(15.1) Axes
 - Level 15.1(20.2) Maces & Flails
 - Level 15.6(20.6) Armour
 - Level 15.6(20.6) Shields
 - Level 8.0 Invocations


You had 15 spell levels left.
You didn't know any spells.
Your spell library contained the following spells:

 Spells                   Type           Power      Damage    Failure   Level
 Beastly Appendage        Tmut           0%         N/A       83%         1
 Freeze                   Ice            0%         1d3       83%         1
 Pain                     Necr           0%         1d4       83%         1
 Ensorcelled Hibernation  Hex/Ice        0%         N/A       92%         2
 Passwall                 Tmut/Erth      0%         N/A       92%         2
 Wereblood                Tmut           0%         N/A       92%         2
 Frozen Ramparts          Ice            0%         1d2       99%         3
 Spider Form              Tmut/Pois      0%         N/A       99%         3
 Swiftness                Air            0%         N/A       99%         3
 Cause Fear               Hex            0%         N/A       100%        4
 Hailstorm                Conj/Ice       0%         3d3       100%        4
 Ice Form                 Ice/Tmut       0%         N/A       100%        4
 Olgreb's Toxic Radiance  Pois           0%         N/A       100%        4
 Petrify                  Tmut/Erth      0%         N/A       100%        4
 Agony                    Necr           0%         N/A       100%        5
 Blade Hands              Tmut           0%         N/A       100%        5
 Excruciating Wounds      Necr           0%         N/A       100%        5
 Irradiate                Conj/Tmut      0%         3d14      100%        5
 Metabolic Englaciation   Hex/Ice        0%         N/A       100%        5
 Eringya's Noxious Bog    Tmut/Pois      0%         N/A       100%        6
 Statue Form              Tmut/Erth      0%         N/A       100%        6
 Dragon Form              Tmut           0%         N/A       100%        7
 Ozocubu's Refrigeration  Ice            0%         4d5       100%        7
 Borgnjor's Revivificati  Necr           0%         N/A       100%        8
 Ignition                 Fire           0%         3d3       100%        8
 Necromutation            Tmut/Necr      0%         N/A       100%        8
 Death's Door             Necr           0%         N/A       100%        9
 Summon Forest            Summ/Tloc      Unusable   N/A       N/A         5
 Simulacrum               Ice/Necr       Unusable   N/A       N/A         6
 Summon Hydra             Summ           Unusable   N/A       N/A         7
 Dragon's Call            Summ           Unusable   N/A       N/A         9

Dungeon Overview and Level Annotations

Branches:
Dungeon (15/15)            Temple (1/1) D:7            Lair (6/6) D:8
 Shoals (0/4) Lair:3       Spider (1/4) Lair:3        Slime (0/5) Lair:5
    Orc (2/2) D:10         Vaults (0/5) D:13         Depths (0/4) D:15
  Sewer (visited)         Gauntlet (visited)
    Elf: Orc:2

Altars:
Ashenzari
Cheibriados
Dithmenos
Elyvilon
Fedhas
Gozag
Hepliaklqana
Kikubaaqudgha
Makhleb
Nemelex Xobeh
Okawaru
Qazlal
Ru
Sif Muna
Trog
Uskayaw
Vehumet
Wu Jian
Xom
Yredelemnul
Zin
The Shining One
Beogh
Jiyva

Shops:
Orc:2 ?=!(


Innate Abilities, Weirdness & Mutations

You have a pair of horns on your head.
You reflexively headbutt those who attack you in melee.
You have large cloven feet.
Your mind is acute. (Int +2)
Your system is resistant to poisons. (rPois)
You sometimes lose the ability to read scrolls when taking damage.


Message History

The jumping spider leaps!
A redback comes into view.
You see here 16 gold pieces.
You whack the jumping spider! You freeze the jumping spider.
You headbutt the jumping spider, but do no damage.
The jumping spider is almost dead.
The jumping spider leaps!
The jumping spider leaps!
The jumping spider pounces on you!
You feel threatened and lose the ability to read scrolls!
You block the jumping spider's attack.
The jumping spider leaps!
You block the jumping spider's attack. The jumping spider bites you.
You see here 16 gold pieces.
You hit the jumping spider. You freeze the jumping spider.
You kill the jumping spider!
Okawaru accepts your kill.
You block the jumping spider's attack. x2; The jumping spider leaps!
You block the redback's attack.
You whack the jumping spider! You freeze the jumping spider.
The jumping spider is heavily wounded.
The jumping spider barely misses you. You furiously retaliate!
You headbutt the jumping spider, but do no damage.
The jumping spider bites you.
* * * LOW HITPOINT WARNING * * *
The redback bites you!
* * * LOW HITPOINT WARNING * * *
You closely miss the redback.
You block the jumping spider's attack. x4
The redback bites you!
* * * LOW HITPOINT WARNING * * *
Unknown command.
You gain the combat prowess of a mighty hero.
You block the jumping spider's attack. The jumping spider bites you.
* * * LOW HITPOINT WARNING * * *
You block the jumping spider's attack. The jumping spider misses you.
The redback bites you!
* * * LOW HITPOINT WARNING * * *
The jumping spider pounces on you.
* * * LOW HITPOINT WARNING * * *
You are caught in a web!
The jumping spider bites you.
You die...

#...### ##......
########..... #
...........## .#
.[..........######.#
#......††.......####
###....#..)...........
######......#............#
#..........##..s@s....°.#
......[...##^...s..........
........)..#.##..........##
........######.....#.....#
....##...# .......#.......
#^###.†.## .....#..##...##.
###.....# ......#### ...#
#...>...# ....... ....
##..##..#


You could see 2 jumping spiders and a redback.

Vanquished Creatures
  Jorgrun (D:12)
  Aizul (Spider:1)
  3 emperor scorpions
  An ironbound preserver (D:13)
  An entropy weaver (Spider:1)
  Nessos (Lair:4)
  A minotaur (Gauntlet)
  A dire elephant (D:15)
  A fire dragon (Lair:6)
  14 hydras
  4 boulder beetles
  5 ogre magi
  Erica (D:8)
  2 centaur warriors
  2 death yaks (Lair:4)
  26 two-headed ogres
  Nergalle (Lair:4)
  Sonja (Lair:1)
  A sun moth (Spider:1)
  4 skeletal warriors (D:12)
  A steelbarb worm (Spider:1)
  2 lindwurms (Lair:6)
  An orc knight (Orc:2)
  Pikel (D:5)
  An obsidian statue (Gauntlet)
  A deep elf pyromancer (D:13)
  14 ugly things
  2 orc sorcerers (Orc:2)
  A salamander (D:15)
  8 cyclopes
  A manticore (D:14)
  3 wolf spiders
  Maurice (D:8)
  8 black mambas
  7 torpor snails
  5 rime drakes
  2 gargoyles
  Psyche (D:8)
  2 unseen horrors
  8 komodo dragons
  A minotaur zombie (Gauntlet)
  7 cane toads
  2 demonic crawlers (Spider:1)
  A yaktaur (D:15)
  A kobold demonologist (D:12)
  An ice devil (Gauntlet)
  2 efreet
  8 hornets (Lair:6)
  3 trolls
  3 tyrant leeches (Lair:6)
  9 polar bears (Lair:6)
  Grinder (D:4)
  A meliai zombie (D:11)
  5 tarantellas (Spider:1)
  2 raiju (Lair:6)
  8 blink frogs
  3 centaur simulacra (Gauntlet)
  A culicivora (Spider:1)
  2 shadows
  5 jumping spiders (Spider:1)
  3 wraiths
  6 wyverns
  Eustachio (D:4)
  35 yaks
  2 basilisks (Lair:3)
  9 wargs
  13 redbacks
  19 vampire mosquitoes
  15 hell hounds (Lair:6)
  14 water moccasins
  Duvessa (D:6)
  An acid dragon (D:6)
  Pargi (Sewer)
  11 orc warriors
  2 ice beasts
  13 black bears
  2 necrophages (D:7)
  13 wolves (Lair:6)
  27 ogres
  15 centaurs
  A lemure (D:5)
  6 kobold brigands
  18 bullfrogs
  2 gnoll sergeants
  2 scorpions
  A wyvern zombie (D:7)
  A water moccasin zombie (D:6)
  3 wyvern skeletons (D:7)
  Dowan (D:6)
  3 killer bees (D:9)
  8 wights (D:8)
  8 howler monkeys
  4 centaur zombies
  2 hounds
  A wyvern simulacrum (Gauntlet)
  A bullfrog zombie (D:6)
  4 jellies
  A bullfrog skeleton (D:5)
  3 gnoll shamans
  16 orc priests
  Crazy Yiuf (D:3)
  A centaur skeleton (D:4)
  5 iguanas
  Ijyb (D:3)
  8 orc wizards
  23 gnolls
  A howler monkey skeleton (D:7)
  5 adders
  3 shadow imps
  4 white imps
  A dart slug (D:1)
  46 orcs
  5 bats
  7 endoplasms
  6 giant cockroaches
  5 goblins
  4 hobgoblins
  A jackal (D:1)
  29 kobolds
  6 quokkas
  5 ball pythons
  6 frilled lizards
  7 rats
677 creatures vanquished.

Vanquished Creatures (others)
  An unseen horror (D:13)
  A demonic plant (Gauntlet)
  5 fungi
  34 plants
41 creatures vanquished.

Grand Total: 718 creatures vanquished

Notes
Turn   | Place    | Note
-------+----------+-------------------------------------------
     0 | D:1      | vineage the Minotaur Fighter began the quest for the Orb.
     0 | D:1      | Reached XP level 1. HP: 19/19 MP: 0/0
    19 | D:1      | Reached skill level 4 in Fighting
   120 | D:1      | Reached XP level 2. HP: 28/28 MP: 1/1
   415 | D:1      | Reached skill level 5 in Fighting
   602 | D:1      | Reached XP level 3. HP: 33/36 MP: 2/2
   761 | D:2      | Noticed a golden eye
   766 | D:2      | Found a faded altar of an unknown god.
   769 | D:2      | Noticed a golden eye
   769 | D:2      | Noticed a floating eye
   769 | D:2      | Noticed an eye of devastation
  1510 | D:3      | Reached XP level 4. HP: 42/44 MP: 3/3
  1551 | D:3      | Reached skill level 6 in Fighting
  1617 | D:3      | Found a runed translucent door.
  1618 | D:3      | Noticed Crazy Yiuf
  1796 | D:3      | Noticed Ijyb
  1809 | D:3      | Killed Ijyb
  1991 | D:3      | Killed Crazy Yiuf
  1992 | D:3      | Reached XP level 5. HP: 44/51 MP: 4/4
  2090 | D:4      | Reached skill level 7 in Fighting
  2115 | D:4      | Noticed Eustachio
  2270 | D:4      | Found an ancient bone altar of Kikubaaqudgha.
  2288 | D:4      | Found a shadowy altar of Dithmenos.
  2375 | D:4      | Killed Eustachio
  2376 | D:4      | Reached skill level 8 in Fighting
  2376 | D:4      | Reached XP level 6. HP: 62/62 MP: 5/5
  2401 | D:4      | Found an ornate altar of the Wu Jian Council.
  2432 | D:4      | Found a bloodstained altar of Trog.
  2515 | D:4      | Noticed Grinder
  2524 | D:4      | Killed Grinder
  2525 | D:4      | Reached skill level 9 in Fighting
  2784 | D:5      | Entered Level 5 of the Dungeon
  2792 | D:5      | Reached skill level 10 in Fighting
  2792 | D:5      | Reached XP level 7. HP: 67/72 MP: 6/6
  2826 | D:5      | Noticed Pikel
  2868 | D:5      | Killed Pikel
  2869 | D:5      | Reached skill level 11 in Fighting
  2869 | D:5      | Reached XP level 8. HP: 38/83 MP: 7/7
  3037 | D:5      | Reached skill level 12 in Fighting
  3384 | D:4      | Reached skill level 13 in Fighting
  3635 | D:5      | Found an opulent altar of Gozag.
  3843 | D:6      | Noticed Duvessa
  3855 | D:6      | Killed Duvessa
  3857 | D:6      | Noticed Dowan
  3869 | D:6      | Killed Dowan
  4237 | D:6      | Reached skill level 14 in Fighting
  4289 | D:6      | Found a glowing drain.
  4315 | D:6      | Reached XP level 9. HP: 59/95 MP: 8/8
  4375 | Sewer    | Entered a sewer
  4793 | Sewer    | Noticed Pargi
  4798 | Sewer    | Killed Pargi
  5320 | D:6      | Reached skill level 15 in Fighting
  5645 | D:6      | Reached skill level 1 in Maces & Flails
  6197 | D:6      | Gained mutation: Your mind is acute. (Int +2) [potion of
                  | mutation]
  6197 | D:6      | Gained mutation: You sometimes lose the ability to read
                  | scrolls when taking damage. [potion of mutation]
  6197 | D:6      | Gained mutation: Your system is resistant to poisons.
                  | (rPois) [potion of mutation]
  6197 | D:6      | Gained mutation: You have large cloven feet. [potion of
                  | mutation]
  6467 | D:7      | Reached skill level 5 in Shields
  6471 | D:7      | Reached skill level 5 in Armour
  7068 | D:7      | Found a staircase to the Ecumenical Temple.
  7324 | Temple   | Entered the Ecumenical Temple
  7527 | Temple   | Became a worshipper of Warmaster Okawaru
  7610 | D:8      | Reached XP level 10. HP: 86/106 MP: 9/9
  8201 | D:8      | Noticed Erica
  8219 | D:8      | Killed Erica
  8394 | D:8      | Found a staircase to the Lair.
  8613 | D:8      | Reached * piety under Okawaru
  8639 | D:8      | Reached skill level 5 in Maces & Flails
  8775 | D:8      | Noticed Psyche
  8779 | D:8      | Paralysed by Psyche for 5 turns
  8790 | D:8      | Killed Psyche
  8791 | D:8      | Reached skill level 16 in Fighting
  9108 | D:8      | Noticed Maurice
  9135 | D:8      | Killed Maurice
 10162 | D:9      | Noticed a two-headed ogre
 10172 | D:9      | Killed a two-headed ogre
 10172 | D:9      | Reached ** piety under Okawaru
 10242 | D:9      | Reached XP level 11. HP: 50/115 MP: 8/10
 10247 | D:9      | Reached *** piety under Okawaru
 10804 | D:10     | Entered Level 10 of the Dungeon
 11131 | D:10     | Found a staircase to the Orcish Mines.
 11164 | D:10     | Noticed a two-headed ogre
 11172 | D:10     | Killed a two-headed ogre
 11259 | D:10     | Identified the ring "Zos Sirph" {Will+ EV+4}
 11275 | D:10     | Noticed a two-headed ogre
 11290 | D:10     | Killed a two-headed ogre
 11290 | D:10     | Reached **** piety under Okawaru
 12511 | D:11     | Reached skill level 17 in Fighting
 12610 | D:11     | You fall into a shaft and drop 3 floors!
 12752 | D:13     | Noticed a centaur warrior
 12775 | D:13     | Noticed a boulder beetle
 12781 | D:13     | Noticed a two-headed ogre
 12787 | D:13     | Killed a two-headed ogre
 12798 | D:13     | Noticed a red ugly thing
 12808 | D:13     | Killed a red ugly thing
 13023 | D:13     | Identified a scroll of acquirement
 13023 | D:13     | Acquired the +10 demon whip of Watchfulness {freeze, Dex+2}
 13100 | D:13     | Noticed a deep elf pyromancer
 13102 | D:13     | Noticed a two-headed ogre
 13341 | D:12     | Noticed a skeletal warrior
 13344 | D:12     | Noticed a skeletal warrior
 13347 | D:12     | Noticed a skeletal warrior
 13348 | D:12     | Noticed a skeletal warrior
 13350 | D:12     | Killed a skeletal warrior
 13363 | D:12     | Killed a skeletal warrior
 13363 | D:12     | Reached ***** piety under Okawaru
 13364 | D:12     | Reached XP level 12. HP: 108/125 MP: 11/11
 13374 | D:12     | Reached skill level 10 in Armour
 13374 | D:12     | Reached skill level 10 in Shields
 14033 | D:12     | Noticed a two-headed ogre
 14039 | D:12     | Killed a two-headed ogre
 14039 | D:12     | Identified the +0 tower shield "Fuxuc" {Harm rF+} (Okawaru
                  | gifted it to you on level 12 of the Dungeon)
 14039 | D:12     | Received a gift from Okawaru
 14203 | D:12     | Noticed a boulder beetle
 14215 | D:12     | Killed a boulder beetle
 14386 | D:12     | Noticed Jorgrun
 14399 | D:12     | Killed Jorgrun
 14400 | D:12     | Reached skill level 10 in Maces & Flails
 14788 | D:11     | Reached skill level 18 in Fighting
 15732 | D:13     | Noticed a four-headed hydra
 15736 | D:13     | Killed a four-headed hydra
 15882 | D:13     | Noticed a two-headed ogre
 15885 | D:13     | Killed a two-headed ogre
 15945 | D:13     | Killed a two-headed ogre
 15980 | D:13     | Killed a boulder beetle
 15989 | D:13     | Reached XP level 13. HP: 107/135 MP: 12/12
 15997 | D:13     | Reached ****** piety under Okawaru
 16133 | D:13     | Noticed an ironbound preserver
 16135 | D:13     | Found a gate to the Vaults.
 16148 | D:13     | Killed an ironbound preserver
 16768 | Lair:1   | Entered Level 1 of the Lair of Beasts
 16988 | Lair:1   | Identified the +7 mace of Contention {vorpal, +Blink rCorr}
                  | (Okawaru gifted it to you on level 1 of the Lair of Beasts)
 16988 | Lair:1   | Received a gift from Okawaru
 17187 | Lair:1   | Noticed Sonja
 17194 | Lair:1   | Killed Sonja
 18624 | Lair:2   | You fall into a shaft and drop 1 floor!
 18644 | Lair:3   | Found a hole to the Spider Nest.
 18777 | Lair:3   | Identified the +1 hat of Jijaddas {Rampage Int-4 Dex+3}
                  | (Okawaru gifted it to you on level 3 of the Lair of Beasts)
 18777 | Lair:3   | Received a gift from Okawaru
 19123 | Lair:3   | Found a staircase to the Shoals.
 19975 | Lair:4   | Noticed Nergalle
 19985 | Lair:4   | Killed Nergalle
 20445 | Lair:4   | Noticed Nessos
 20459 | Lair:4   | Killed Nessos
 20634 | Lair:4   | Reached XP level 14. HP: 130/143 MP: 13/13
 21265 | Lair:5   | Found a gate leading to a gauntlet.
 21275 | Gauntlet | Entered a Gauntlet
 21275 | Gauntlet | Found a transporter.
 21333 | Gauntlet | Found a transporter.
 21335 | Gauntlet | Found a transporter.
 21346 | Gauntlet | Found a transporter.
 21350 | Gauntlet | Found a transporter.
 21360 | Gauntlet | Found a transporter.
 21377 | Gauntlet | Found a transporter.
 21395 | Gauntlet | Found a transporter.
 21402 | Gauntlet | Found a transporter.
 21402 | Gauntlet | Found a transporter.
 21412 | Gauntlet | Found a transporter.
 21413 | Gauntlet | Found a transporter.
 21438 | Gauntlet | Found a runed translucent door.
 21442 | Gauntlet | Found a transporter.
 21455 | Gauntlet | Found a transporter.
 21609 | Gauntlet | Identified the +2 pair of boots "Qiahiv" {rF++ rCorr Str-5
                  | Stlth+}
 22024 | Lair:5   | Found a viscous altar of Jiyva.
 22024 | Lair:5   | Found a staircase to the Slime Pits.
 22416 | Lair:6   | Entered Level 6 of the Lair of Beasts
 22932 | Lair:6   | Received a gift from Okawaru
 23011 | Lair:6   | Reached skill level 15 in Armour
 23016 | Lair:6   | Reached skill level 15 in Shields
 23074 | Lair:6   | Received a gift from Okawaru
 23406 | Lair:6   | Found a runed translucent door.
 23434 | Lair:6   | Paralysed by a hornet for 2 turns
 23648 | Lair:6   | Reached skill level 15 in Maces & Flails
 24194 | D:10     | Found a faded altar of an unknown god.
 24194 | D:10     | Found a hazy altar of Hepliaklqana.
 24195 | D:10     | Found a faded altar of an unknown god.
 24408 | Orc:1    | Entered Level 1 of the Orcish Mines
 25003 | Orc:2    | Entered Level 2 of the Orcish Mines
 25069 | Orc:2    | Reached skill level 1 in Invocations
 25139 | Orc:2    | Reached XP level 15. HP: 101/150 MP: 15/15
 25142 | Orc:2    | Identified the +0 scale mail "Uruis" {rF+ Will+ Str-4
                  | Stlth+} (Okawaru gifted it to you on level 2 of the Orcish
                  | Mines)
 25142 | Orc:2    | Received a gift from Okawaru
 25401 | Orc:2    | Reached skill level 5 in Invocations
 25744 | Orc:2    | Found Ramp's Antique Weapon Shop.
 25745 | Orc:2    | Found Oriotiz's Jewellery Emporium.
 25745 | Orc:2    | Found Yhoell's Magic Scroll Boutique.
 25745 | Orc:2    | Found Boevin's Distillery.
 25906 | Orc:2    | Bought the ring "Voemezuz" {Will++ Dex+4 SInv} for 388 gold
                  | pieces
 25906 | Orc:2    | Bought the ring "Cippying" {rC++ EV+4 Int-4} for 521 gold
                  | pieces
 26124 | D:14     | Found a bloodstained altar of Trog.
 26173 | D:14     | Identified the +2 hat of the Okapi {Will+} (Okawaru gifted
                  | it to you on level 14 of the Dungeon)
 26173 | D:14     | Received a gift from Okawaru
 26727 | D:14     | Reached skill level 19 in Fighting
 27015 | D:15     | Entered Level 15 of the Dungeon
 27047 | D:15     | Found an ancient bone altar of Kikubaaqudgha.
 28162 | D:15     | Found a staircase to the Depths.
 28163 | D:15     | Noticed an emperor scorpion
 28170 | D:15     | Killed an emperor scorpion
 28171 | D:15     | Reached skill level 20 in Fighting
 28736 | Spider:1 | Entered Level 1 of the Spider Nest
 28739 | Spider:1 | Noticed Aizul
 28752 | Spider:1 | Noticed an emperor scorpion
 29105 | Spider:1 | Noticed an emperor scorpion
 29122 | Spider:1 | Killed an emperor scorpion
 29410 | Spider:1 | Killed Aizul
 29410 | Spider:1 | Received a gift from Okawaru
 29424 | Spider:1 | Noticed an emperor scorpion
 29430 | Spider:1 | Reached XP level 16. HP: 73/165 MP: 21/21
 29449 | Spider:1 | Reached skill level 21 in Fighting
 29488 | Spider:1 | HP: 2/167 [redback (19)]
 29488 | Spider:1 | Slain by a jumping spider

Illustrated notes

Levels and vault maps discovered:
D:1:      minmay_arrival_up_and_down, layout_basic, st_stairs_1
D:2:      layout_basic, hellmonk_ecumenical_altar_watching_god
D:3:      layout_basic, uniq_ijyb, uniq_crazy_yiuf_cottage
D:4:      layout_rooms, grunt_temple_overflow_open,
          mainiacjoe_overflow_two_lobes, minmay_hedge_maze,
          hangedman_decor_growths, uniq_grinder, uniq_eustachio
D:5:      layout_cave_pools, grunt_gozag_statues, uniq_pikel
D:6:      layout_loops_ring, gup_sewer_entry_glass, minmay_bent, uniq_duvessa
D:7:      layout_loops_ring, minmay_temple_entry_butterflies
D:8:      layout_gridville, lair_entry_dummy, uniq_psyche, uniq_maurice,
          uniq_erica
D:9:      layout_gridville
D:10:     layout_basic, nicolae_hepliaklqana_ecumenical_no_more, erik_orc_4,
          centaur_isle
D:11:     layout_basic, nicolae_benzene_ring
D:12:     layout_gridville, uniq_jorgrun
D:13:     layout_roguey, skrybe_vaults_entry_preservation
D:14:     layout_roguey, serial_park_square2, grunt_ministairs_14
D:15:     hangedman_depths_entry_try_elsewhere_first, layout_irregular_city,
          nicolae_kikubaaqudgha_miasma_corner, minmay_misc_feat_alley
Temple:   eino_temple_scatter_basement
Lair:1:   layout_cave_pods, serial_bayou_shore_b, lemuel_fruit_fields,
          grunt_megastairs_1, uniq_sonja
Lair:2:   layout_regular_city, minivault_27, serial_bayou_ford_a,
          grunt_forest_large_clearing_hut
Lair:3:   layout_cave_pods, elwin_shoals_entry_rocks, spider_nest_entry_webs
Lair:4:   layout_long_grid, infiniplex_staircase_pool_2, uniq_nergalle,
          uniq_nessos
Lair:5:   layout_gridlike, slime_altar_1, gauntlet_entry_generic,
          chequers_serial_rivers_micro_b, serial_bayou_pond_d,
          patterned_corridor
Lair:6:   hangedman_lair_caniforms_friends, layout_cave_pods, wormcave,
          lookout_lair_type
Spider:1: layout_spider_delve, hangedman_spider_tarantella_strand, uniq_aizul
Orc:1:    layout_diamond_mine, basic_altar, minmay_orc_temple_b
Orc:2:    st_orc_ogre_mass, layout_caves, amcnicky_altar_lugonu_corruption,
          uniq_donald

Skill      XL: |  1  2  3  4  5  6  7  8  9 10 11 12 13 14 15 16 |
---------------+-------------------------------------------------+-----
Fighting       | 4 5 6 8 10 11 14 15 16 17 18 20 21 | 21.0
Maces & Flails | 3 6 9 11 13 15 | 15.1
Armour         | 5 7 9 11 13 15 | 15.6
Shields        | 5 7 9 11 13 15 | 15.6
Invocations    | 2 8 |  8.0
Axes           | |  2.4

Action                   |  1- 3 |  4- 6 |  7- 9 | 10-12 | 13-15 | 16-18 || total
-------------------------+-------+-------+-------+-------+-------+-------++-------
Melee: War axe           |    50 |       |       |       |       |       ||    50
       Headbutt          |     8 |    11 |    63 |   103 |   206 |     6 ||   397
       Flail             |    30 |    40 |   111 |   382 |       |       ||   563
       Falchion          |       |     7 |   172 |       |       |       ||   179
       Demon whip        |       |       |       |   162 |   914 |    18 ||  1094
Invok: Heroism           |       |       |       |    14 |    12 |     1 ||    27
  Use: Scroll            |     1 |     5 |     5 |    15 |     8 |       ||    34
       Potion            |       |     1 |     2 |     2 |     4 |       ||     9
 Stab: Distracted        |       |       |       |       |     1 |       ||     1
Armor: Scale mail        |    41 |    23 |   117 |   168 |   190 |     1 ||   540
Dodge: Dodged            |    43 |    37 |   180 |   256 |   219 |     4 ||   739
Block: Buckler           |    13 |    16 |    40 |       |       |       ||    69
       Kite shield       |       |       |    46 |   276 |       |       ||   322
       Tower shield      |       |       |       |    57 |   852 |    26 ||   935
       Reflection        |       |       |       |       |    50 |       ||    50

Table legend: (Time is in decaauts)
 A = Elapsed time spent in this place.
 B = Non-inter-level travel time spent in this place.
 C = Inter-level travel time spent in this place.
 D = Time resting spent in this place.
 E = Time spent auto-exploring this place.
 F = Levels seen in this place.
 G = Mean time per level.
                   A        B        C        D        E       F      G
               +--------+--------+--------+--------+--------+-----+--------+
         Total |  29428 |  27578 |   1850 |   4078 |  19261 |  27 | 1089.9 |
       Dungeon |  19186 |  17849 |   1337 |   2467 |  12794 |  15 | 1279.1 |
        Temple |    212 |    190 |     22 |      0 |    175 |   1 |  212.0 |
          Lair |   6779 |   6386 |    393 |    461 |   5133 |   6 | 1129.8 |
   Spider Nest |    719 |    719 |      0 |    509 |     12 |   1 |  719.0 |
  Orcish Mines |   1523 |   1426 |     97 |    229 |    860 |   2 |  761.5 |
         Sewer |    613 |    613 |      0 |    412 |    153 |   1 |  613.0 |
      Gauntlet |    393 |    393 |      0 |      0 |    133 |   1 |  393.0 |
               +--------+--------+--------+--------+--------+-----+--------+

Top non-repeatable levels by time:
     D:6: 2030 daAuts
    D:11: 1912 daAuts
    D:12: 1710 daAuts
     D:8: 1603 daAuts
    D:10: 1543 daAuts
     D:9: 1445 daAuts
  Lair:6: 1425 daAuts
    D:15: 1406 daAuts
     D:7: 1385 daAuts
  Lair:3: 1350 daAuts
    D:13: 1185 daAuts
  Lair:4: 1155 daAuts
  Lair:1: 1068 daAuts
    D:14: 1066 daAuts
     D:5: 1056 daAuts
